 Dungeon Crawl Stone Soup version 0.17-a0-2069-g0f4ee5b (webtiles) character file.

2403 pk666 the Protected (level 9, 0/83 HPs)
             Began as a Minotaur Fighter on Oct 13, 2015.
             Slain by an ogre
             ... wielding a +0 giant club
              (6 damage)
             ... on level 7 of the Dungeon on Oct 14, 2015.
             The game lasted 00:12:09 (6503 turns).

pk666 the Protected (Minotaur Fighter)              Turns: 6503, Time: 00:12:09

Health: 0/83       AC: 11    Str: 23    XL:     9   Next: 23%
Magic:  8/8        EV:  8    Int:  5    God:
Gold:   377        SH:  9    Dex: 11    Spells: 0 memorised, 8 levels left

rFire  + . .     SeeInvis .     a - +0 war axe
rCold  . . .     Clarity  .     l - +3 ring mail {rF+}
rNeg   . . .     SustAt   .     c - +0 shield
rPois  .         Gourm    .     (helmet restricted)
rElec  .         Spirit   .     (no cloak)
rCorr  .         Warding  .     (no gloves)
rMut   .         Stasis   .     o - +0 pair of boots
MR     .....                    (no amulet)
Stlth  +.........               (no ring)
                                (no ring)

@: not resistant to hostile enchantments, very unstealthy
A: retaliatory headbutt, horns 2
a: no special abilities


You were on level 7 of the Dungeon.
You were near starving.

You visited 2 branches of the dungeon, and saw 8 of its levels.
You also visited: Ossuary.

You collected 377 gold pieces.

Inventory:

Hand Weapons
 a - a +0 war axe (weapon)
Armour
 c - a +0 shield (worn)
 l - a +3 ring mail of fire resistance (worn)
 o - a +0 pair of boots (worn)
Wands
 v - a wand of random effects (3)
 y - a wand of digging (11)
 A - a wand of heal wounds (2)
Scrolls
 b - 3 scrolls of teleportation {unknown}
 e - 2 scrolls of magic mapping {unknown}
 g - 2 scrolls of noise {unknown}
 i - 14 scrolls of identify {unknown}
 m - 4 scrolls of enchant armour {unknown}
 t - 2 scrolls of recharging {unknown}
 u - 6 scrolls of remove curse {unknown}
 w - a scroll of immolation {unknown}
 B - a scroll of silence {unknown}
 C - a scroll of random uselessness {unknown}
 D - a scroll of fog {unknown}
 G - a scroll of blinking {unknown}
Potions
 d - a potion of might
 f - 10 potions of curing
 j - 2 potions of flight {unknown}
 k - 5 potions of magic {unknown}
 q - 2 potions of mutation {unknown}
 s - a potion of haste {unknown}
 z - 3 potions of degeneration {unknown}
 E - a potion of resistance {unknown}
 H - a potion of poison {unknown}
Books
 F - a book of Summonings

   Spells                             Type                      Level
   a - Recall                         Summoning/Translocation      3
   b - Aura of Abjuration             Summoning                    5
   c - Shadow Creatures               Summoning                    5
   d - Summon Demon                   Summoning                    5
   e - Summon Forest                  Summoning/Translocation      5
   f - Summon Mana Viper              Hexes/Summoning              5
 I - a book of the Earth

   Spells                             Type                      Level
   a - Leda's Liquefaction            Hexes/Earth                  4
   b - Bolt of Magma                  Conjuration/Fire/Earth       5
   c - Statue Form                    Transmutation/Earth          6
   d - Iron Shot                      Conjuration/Earth            6
   e - Shatter                        Earth                        9
Comestibles
 h - 3 fruits
 n - 2 beef jerkies
 p - 5 meat rations
 r - 2 slices of pizza
 x - 4 bread rations


   Skills:
 + Level 9.3 Fighting
 + Level 8.7 Axes
 + Level 9.5 Armour
 - Level 3.6 Shields


You had 8 spell levels left.
You didn't know any spells.

Dungeon Overview and Level Annotations

Branches:
Dungeon (7/15)             Temple (1/1) D:4

Altars:
Ashenzari
Cheibriados
Dithmenos
Elyvilon
Fedhas
Gozag
Kikubaaqudgha
Makhleb
Nemelex Xobeh
Qazlal
Ru
Sif Muna
Trog
Vehumet
Xom
Yredelemnul
Zin
The Shining One

Shops:
D:7 (

Annotations:
D:3 1 runed door


Innate Abilities, Weirdness & Mutations

You reflexively headbutt those who attack you in melee.
You have a pair of horns on your head.


Message History

* * * LOW HITPOINT WARNING * * *
You are too injured to fight recklessly!
You are too injured to fight recklessly!
You are too injured to fight recklessly!
You are too injured to fight recklessly!
You hit the ogre.
You headbutt the ogre, but do no damage.
The ogre is lightly wounded.
You hit the ogre. You headbutt the ogre.
The ogre is moderately wounded.
The ogre hits you with a giant club!
* * * LOW HITPOINT WARNING * * *
You closely miss the ogre. You headbutt the ogre.
The ogre is moderately wounded.
You are near starving!
You block the ogre's attack.
You hit the ogre. You headbutt the ogre.
The ogre is heavily wounded.
The ogre hits you with a giant club.
You die...

# # #....<#.#.#....
#.#.#.#...#.###...#
..... #.#.#.. .....
###..#..#...#########
....#...............
#...##....#.....###.
#...#####.#.###.# #.
.# #.O.## #.#'#...#
#. #.. #..@.#
#.....### #. #
#.#######.....#.#
#.....#####. #
#.#.....#..##.#.#
#........##.
###.#.....#..##.#.#
#.....##.###
....#.#.#.#..##.#.#
#......#.#..
#...#.#.#.#..##.#.#
#.####.#.#.#
....###.###.......#
#.# #.#.#..
..#.........###.###
#.# #.#.#<.
..#.#......## #.# #.#
#.#.###


You could see an ogre.

Vanquished Creatures
  Pikel (D:6)
  Sigmund (D:6)
  Eustachio (D:6)
  An ice beast (D:7)
  A phantom (D:7)
  A black bear (D:7)
  A sky beast (D:7)
  An ogre (D:7)
  3 centaurs
  A giant frog (D:6)
  2 scorpions
  2 crimson imps
  A giant frog zombie (D:4)
  3 hounds
  An orc priest (D:3)
  A centaur zombie (D:4)
  An orc wizard (D:3)
  A giant frog skeleton (D:7)
  Jessica (D:2)
  An iguana (D:4)
  Terence (D:2)
  2 worker ants (D:7)
  A hound skeleton (D:3)
  12 mummies (Ossuary)
  4 gnolls (D:6)
  4 adders
  2 oozes
  An adder skeleton (D:5)
  An adder zombie (D:5)
  4 worms
  3 giant geckos
  7 orcs
  12 goblins
  8 hobgoblins
  9 jackals
  8 kobolds
  2 quokkas
  2 ball pythons
  4 bats
  8 giant cockroaches
  A giant gecko skeleton (D:4)
  3 giant newts
  A gnoll skeleton (Ossuary)
  A goblin zombie (D:7)
  3 kobold skeletons (Ossuary)
  4 orc skeletons (Ossuary)
  5 rats
  11 rat skeletons (Ossuary)
  A rat zombie (D:7)
151 creatures vanquished.

Notes
Turn   | Place    | Note
--------------------------------------------------------------
     0 | D:1      | pk666 the Minotaur Fighter began the quest for the Orb.
     0 | D:1      | Reached XP level 1. HP: 19/19 MP: 0/0
     7 | D:1      | Reached XP level 2. HP: 21/27 MP: 1/1
    53 | D:1      | Reached skill level 4 in Fighting
   565 | D:2      | Reached XP level 3. HP: 33/33 MP: 2/2
   659 | D:2      | Noticed Terence
   679 | D:2      | Killed Terence
   931 | D:2      | Reached XP level 4. HP: 34/41 MP: 3/3
  1153 | D:2      | Noticed Jessica
  1163 | D:2      | Killed Jessica
  1163 | D:2      | Reached skill level 5 in Armour
  1598 | D:2      | Reached XP level 5. HP: 42/47 MP: 4/4
  1897 | D:3      | Reached skill level 5 in Fighting
  2166 | D:3      | Found a shadowy altar of Dithmenos.
  2237 | D:3      | Found a runed door.
  2237 | D:3      | Found a glowing silver altar of Zin.
  2237 | D:3      | Noticed an angel
  2441 | D:4      | Found a staircase to the Ecumenical Temple.
  2448 | Temple   | Entered the Ecumenical Temple
  2752 | D:4      | Reached XP level 6. HP: 54/56 MP: 5/5
  2931 | D:4      | Reached skill level 6 in Armour
  3605 | D:4      | Reached skill level 5 in Axes
  3719 | D:5      | Entered Level 5 of the Dungeon
  3763 | D:5      | Found an opulent altar of Gozag.
  3866 | D:5      | Found a sacrificial altar of Ru.
  3905 | D:5      | Reached XP level 7. HP: 57/64 MP: 6/6
  4386 | D:6      | Noticed Eustachio
  4410 | D:6      | Reached skill level 7 in Armour
  4432 | D:6      | Killed Eustachio
  4480 | D:6      | Noticed Pikel
  4493 | D:6      | Killed Pikel
  4493 | D:6      | Reached skill level 8 in Armour
  4493 | D:6      | Reached XP level 8. HP: 37/74 MP: 7/7
  5211 | D:6      | Noticed Sigmund
  5224 | D:6      | Killed Sigmund
  5927 | D:7      | Reached skill level 9 in Armour
  6043 | D:7      | Reached XP level 9. HP: 69/82 MP: 8/8
  6047 | D:7      | Found a sand-covered staircase.
  6056 | Ossuary  | Entered an ossuary
  6381 | D:7      | Found Afass's Weapon Emporium.
  6503 | D:7      | Slain by an ogre

Vault maps used:
D:1:      dpeg_arrival_shelter, serial_forest, infiniplex_forest_join,
          infiniplex_forest_lined_2, infiniplex_forest_corner_1,
          infiniplex_forest_lined_2, infiniplex_forest_straight_2,
          infiniplex_forest_lined_3_way
D:2:      minmay_misc_feat_rows, minmay_goblin_outpost, uniq_jessica,
          uniq_terence
D:3:      nicolae_dithmenos_through_a_glass_darkly, lemuel_angel_altar
D:4:      minmay_temple_entry_purple_smoke, first_bread
D:5:      kennysheep_little_box, minmay_misc_feat_four_crosses,
          grunt_gozag_statues
D:6:      uniq_eustachio, uniq_pikel, uniq_sigmund
D:7:      enter_ossuary_4, serial_shops, shop
Temple:   nicolae_temple_elliptical
Ossuary:  ossuary_due_small_catacomb

Action                   |  1- 3 |  4- 6 |  7- 9 || total
-------------------------+-------+-------+-------++-------
Melee: War axe           |   100 |   116 |   250 ||   466
  Eat: Chunk             |       |     8 |     8 ||    16
       Fruit             |       |       |     1 ||     1
